[Event "FIDE WSCC 50 2022"]
[Site "Assisi"]
[Date "2022.11.25"]
[Round "10.10"]
[White "Mantovani, Renzo"]
[Black "Zeller, Frank"]
[Result "1/2-1/2"]
[ECO "B22"]
[WhiteElo "2246"]
[BlackElo "2359"]
[Annotator "TA"]
[PlyCount "53"]
[EventDate "2022.11.14"]
[EventType "swiss"]
[EventCountry "ITA"]
[SourceTitle "playchess.com"]
[Source "ChessBase"]
[SourceQuality "1"]
[TimeControl "40/5400+30:1800+30"]

1. e4 c5 2. c3 d5 3. exd5 Nf6 4. Bb5+ Nbd7 5. d4 Nxd5 6. dxc5 {[%emt 0:05:39] B22: Sicilian: 2 c3.} e6 7. c6 bxc6 8. Bxc6 {[%emt 0:00:33] White is slightly better.} Rb8 9. Nf3 Bc5 10. O-O {[%emt 0:00:42] [#]} O-O $146 ({Predecessor:} 10... Ba6 11. Ne5 Bxf1 12. Nxd7 Rc8 13. Ba4 Bxf2+ 14. Kxf2 Qh4+ 15. Kxf1 Qxh2 16. Nf6+ Ke7 17. Nxd5+ exd5 18. Nd2 h5 19. Nf3 Qd6 20. Qd4 {1-0 (20) Pap,M (2467)-Ciolek,A (2214) Wunsiedel 2018}) 11. b4 $36 {[%emt 0:08:12][%mdl 2048] White has the initiative.} Be7 (11... Bd6 $1 $14) 12. a3 (12. Bxd5 $16 exd5 13. Bf4) 12... Bf6 (12... Ba6 $1 $11 {remains equal.}) 13. Bxd5 $16 exd5 14. Be3 Nb6 15. Bd4 Bf5 16. Nbd2 Rc8 17. Nb3 ({White should play} 17. Re1) 17... Na4 18. Bxf6 ({Of course not} 18. Bxa7 Nxc3 19. Qd2 Ne4 $15) (18. Rc1 {feels hotter.} Nxc3 19. Qd2 Ne4 20. Qf4) 18... Qxf6 19. Qd4 Rxc3 {[%emt 0:02:06] [#] And now ...Bd3 would win.} 20. Qxf6 gxf6 21. Nfd4 Bc2 22. Nxc2 Rxc2 23. Rfd1 Nc3 24. Nd4 Nxd1 25. Nxc2 Nc3 (25... Rc8 $14) 26. Kf1 Rc8 27. Nd4 {[%emt 0:00:00] Weighted Error Value: White=0.13 (very precise) /Black=0.16 (very precise)} 1/2-1/2

[Event "FIDE WSCC 50 2022"]
[Site "Assisi"]
[Date "2022.11.25"]
[Round "10.11"]
[White "Rocha, Sergio"]
[Black "Berend, Elvira"]
[Result "0-1"]
[ECO "A13"]
[WhiteElo "2316"]
[BlackElo "2280"]
[Annotator "TA"]
[PlyCount "90"]
[EventDate "2022.11.14"]
[EventType "swiss"]
[EventCountry "ITA"]
[SourceTitle "playchess.com"]
[Source "ChessBase"]
[SourceQuality "1"]
[TimeControl "40/5400+30:1800+30"]

1. Nf3 Nf6 2. c4 e6 3. b3 d5 4. Bb2 c5 5. e3 Nc6 6. Be2 ({White should play} 6. cxd5 $11 exd5 7. Be2) 6... d4 $1 {[%emt 0:00:54] The main line 6...d4 scores better than 6...Be7. A13: English Opening: 1...e6.} 7. d3 e5 8. Na3 Bd6 {[%emt 0:08:01] Black is better.} 9. Nc2 O-O 10. O-O {[%emt 0:07:28][%cal Ob3b4] [#]} h6 $146 {[%emt 0:08:13] Inhibits b4.} ({Predecessor:} 10... Re8 11. a3 Qc7 12. Rb1 b6 13. Ba1 a5 14. b4 axb4 15. axb4 dxe3 16. fxe3 cxb4 {0-1 (23) Razo,R (1336)-Hahn,C (1463) LSS email 2012}) 11. a3 Bf5 12. b4 b6 (12... cxb4 13. axb4 dxe3 14. fxe3 $14) 13. e4 Be6 14. b5 Na5 15. Nce1 Nh7 16. Bc1 Nb7 17. g3 a6 18. bxa6 $1 Rxa6 (18... Na5 {feels hotter.} 19. Nh4 Nf6 20. Neg2 Nc6) 19. Ng2 Bd7 20. Nfh4 b5 {[%emt 0:01:41] aiming for ...bxc4.} 21. Nf5 $2 {[%emt 0:01:20] [#] This move loses the game for White.} (21. Rb1 $15) 21... bxc4 $1 $19 22. dxc4 Bxf5 23. exf5 e4 24. Re1 Nf6 25. Bf1 Re8 26. Rb1 Rb6 27. Bd2 Bc7 28. Qa4 Rxb1 29. Rxb1 Nd6 30. Qc6 e3 (30... Nxf5 31. Qxc5 Be5 32. Ba5 $19) 31. fxe3 (31. Bxe3 {was necessary.} dxe3 32. Nxe3) 31... Nde4 {[%emt 0:02:25] Pair of Knights!} (31... Nxf5 32. Rb3 $17 (32. Qxc5 $2 dxe3 33. Bxe3 Nxe3 $17)) (31... Nfe4 32. Be1 $15) 32. Rb2 Be5 {[%emt 0:02:03] ...dxe3 is the strong threat.} 33. Ra2 Nxd2 (33... dxe3 $142 34. Be1 (34. Bxe3 $2 {too greedy.} Bd4 $19) 34... Bc3) 34. Rxd2 Qa5 35. Ra2 dxe3 36. Qb5 $2 (36. a4 {keeps fighting.}) 36... Qc7 {[%emt 0:03:08] White must now prevent ...Rb8.} 37. Qb1 Bd4 {[%emt 0:01:20] Hoping for ...e2+.} 38. Be2 Ne4 {[%emt 0:00:10][%cal Bf6e4,Be4d2,Bd2f3][%mdl 32] Strongly threatening ...Nc3. Black is clearly winning.} 39. Rc2 Nd2 40. Qd1 Rb8 {[%emt 0:00:37] And now ...Qe5 would win.} 41. Nf4 Qe5 42. Rc1 Qxf5 43. Qc2 {[#]} Nf3+ $1 44. Kf1 Qxc2 ({Not} 44... Nxh2+ 45. Kg2 Qc8 46. Kxh2 $17 (46. Nd5 $2 Kh8 $19)) 45. Rxc2 Rb1+ {[%emt 0:00:30] Weighted Error Value: White=0.47/Black=0.19 (very precise)} (45... Nxh2+ $2 46. Kg2 $18) 0-1

[Event "FIDE WSCC 50 2022"]
[Site "Assisi"]
[Date "2022.11.25"]
[Round "10.12"]
[White "de Francesco, Klaus"]
[Black "Prie, Eric"]
[Result "0-1"]
[ECO "D29"]
[WhiteElo "2171"]
[BlackElo "2356"]
[Annotator "TA"]
[PlyCount "67"]
[EventDate "2022.11.14"]
[EventType "swiss"]
[EventCountry "ITA"]
[SourceTitle "playchess.com"]
[Source "ChessBase"]
[SourceQuality "1"]
[TimeControl "40/5400+30:1800+30"]

1. d4 d5 2. c4 dxc4 3. Nf3 a6 4. e3 Nf6 5. Bxc4 b5 6. Bb3 Bb7 7. O-O e6 8. Qe2 Be7 9. a4 b4 10. a5 O-O 11. Nbd2 c5 12. Nc4 Nbd7 13. Rd1 Qc7 14. Nfe5 {[%emt 0:02:22][%cal Oe3e4] D29: Queen's Gambit Accepted: Classical main line: 7 Qe2 with early ...Nbd7.} Rac8 15. Ba4 cxd4 16. exd4 {[%emt 0:00:59] [#] Black is slightly better.} Bd5 $146 (16... Nxe5 {seems wilder.} 17. Nxe5 Qxa5 18. Bf4 Qd5) ({Predecessor:} 16... Nxe5 17. Nxe5 Qxa5 18. Bg5 Qd5 19. f3 Rfd8 20. Qe3 Ng4 21. Nxg4 Bxg5 22. Qd3 h5 {0-1 (38) Eckert,D (2246)-Pruess,D (2386) ICC INT 2011}) 17. b3 (17. Bxd7 $15 Nxd7 18. Nb6 Nxb6 19. axb6) 17... Nxe5 $17 18. dxe5 Ne4 (18... Bxc4 19. bxc4 Ne8 20. Rd7 $16) 19. Bb2 Bc5 $1 {[%emt 0:02:29] Prevents Nb6.} (19... Bxc4 20. Qxe4 Bd5 21. Qd3 $17) 20. Ne3 Bxe3 (20... Qxa5 21. Bd7 (21. Nxd5 exd5 22. Bd7 Qc7 $11) 21... Qb6 22. Bxc8 (22. Nxd5 exd5 23. Rxd5 Nxf2 $16) (22. Rxa6 Qc7 $14) 22... Bxe3 23. Qxe3 $16 (23. fxe3 Rxc8 24. Rac1 Ra8 $14)) (20... Rfd8 $1 $19 21. Nxd5 (21. Qxa6 $2 Bxe3 22. fxe3 Qc2 $19) 21... Bxf2+ 22. Qxf2 Nxf2 23. Nxc7 Nxd1 24. Nxa6 Nxb2 25. Nxb4 Nxa4 26. Rxa4 Rc3) 21. Qxe3 Qc2 (21... Qxa5 22. Bd7 Qc5 23. Bxc8 Qxe3 24. fxe3 $16) 22. Bd4 Nc3 23. Rd2 Qg6 {[%emt 0:00:43][%csl Gd5][%cal Rg6g2] Black is much more active.} 24. f3 Nxa4 25. Rxa4 Rc1+ 26. Kf2 Rfc8 {[%emt 0:00:23] White must now prevent ...Rh1.} 27. Rxb4 Qb1 {[%emt 0:08:36] aiming for ...Rh1.} 28. Ba7 (28. Qd3 {simplifies} Qxd3 29. Rxd3 R8c2+ 30. Kg3) 28... h5 $40 {[%emt 0:17:29][%mdl 128] And now ...R8c3 would win. Black has some attack.} 29. Qg5 $2 {[%emt 0:04:34][%mdl 8192] [#]} (29. Kg3 $1 $11 {and White has nothing to worry.}) 29... Rf1+ $1 $19 ({Not} 29... Bxb3 30. Kg3 (30. Qxh5 $2 {is the wrong capture.} Rf1+ 31. Kg3 Qe1+ 32. Kh3 Qxd2 $19) 30... R1c3 31. Rh4 $14 (31. Qxh5 Qe1+ 32. Rf2 g6 $14)) 30. Kg3 {[%emt 0:00:14] [#]} Qe1+ 31. Bf2 $2 {[%emt 0:04:17] [#]} (31. Kh3 Bxf3 32. Qe3 (32. Rd8+ $2 Kh7 $19) 32... Bg4+ 33. Rxg4 hxg4+ 34. Kxg4) 31... Rxf2 $1 32. Rxf2 {[%emt 0:00:10] Rh4 is the strong threat.} Qxb4 33. Rd2 Bxf3 $2 34. Kh3 $2 {[%mdl 8192] Weighted Error Value: White=0.64/Black=0.41} (34. gxf3 $17 Qxa5 35. Qf4) 0-1

[Event "FIDE WSCC 50 2022"]
[Site "Assisi"]
[Date "2022.11.25"]
[Round "10.13"]
[White "Mileto, Gabriele"]
[Black "Arakhamia-Grant, Ketevan"]
[Result "0-1"]
[ECO "E96"]
[WhiteElo "2074"]
[BlackElo "2327"]
[Annotator "TA"]
[PlyCount "62"]
[EventDate "2022.11.14"]
[EventType "swiss"]
[EventCountry "ITA"]
[SourceTitle "playchess.com"]
[Source "ChessBase"]
[SourceQuality "1"]
[TimeControl "40/5400+30:1800+30"]

1. d4 Nf6 2. c4 g6 3. Nc3 Bg7 4. e4 d6 5. Be2 O-O 6. Nf3 Nbd7 7. O-O e5 8. Re1 Re8 9. Bf1 c6 10. Rb1 a5 11. b3 exd4 12. Nxd4 Ng4 {[%emt 0:08:30] [#] White must now prevent ...Qh4. E96: King's Indian: Classical: 7...Nbd7 8 Re1 c6 9 Bf1 a5.} 13. Qxg4 {[%emt 0:19:43] And now Bg5 would win.} (13. f3 $5 Qb6 14. Nce2 $11) 13... Bxd4 {[%emt 0:00:55] [#]} 14. Bb2 $146 ({Predecessor:} 14. Bg5 Nf6 15. Qf3 {½-½ (15) Collas,D (2381)-Demuth,A (2414) Naujac 2011}) 14... Qf6 15. Qf3 Qxf3 16. gxf3 Nc5 17. Nd1 (17. Red1 $11 Be5 18. Na4) 17... Be5 $15 {[%emt 0:02:14] Black is much more active. The white rooks are badly placed.} 18. Ne3 h5 19. Red1 $1 Ne6 20. Bh3 f5 (20... f6 {simplifies} 21. Bxe6+ Bxe6 22. Bxe5 dxe5 23. c5 Red8) 21. exf5 Nf4 22. Bf1 gxf5 23. Bxe5 dxe5 24. c5 Be6 25. Rd6 (25. Bc4 $11) 25... Kf7 (25... Red8 $1 $15) 26. Bc4 $11 {[%emt 0:01:10] The position is equal.} Kf6 27. Rbd1 Re7 28. Bxe6 Nxe6 29. Nc4 Rg8+ 30. Kf1 Reg7 31. Ke2 f4 {[%emt 0:00:33][%mdl 32768] Weighted Error Value: White=0.12 (very precise) /Black=0.10 (very precise) . Loss on time!?} 0-1

[Event "FIDE WSCC 50 2022"]
[Site "Assisi"]
[Date "2022.11.25"]
[Round "10.14"]
[White "Jhunjhnuwala, Krishan"]
[Black "Morin, Yves"]
[Result "1/2-1/2"]
[ECO "B07"]
[WhiteElo "2326"]
[BlackElo "2170"]
[Annotator "TA"]
[PlyCount "62"]
[EventDate "2022.11.14"]
[EventType "swiss"]
[EventCountry "ITA"]
[SourceTitle "playchess.com"]
[Source "ChessBase"]
[SourceQuality "1"]
[TimeControl "40/5400+30:1800+30"]

1. e4 d6 2. d4 Nf6 3. Nc3 e5 4. dxe5 dxe5 5. Qxd8+ Kxd8 6. Nf3 Bd6 7. Be3 {[%emt 0:02:02] B07: Pirc Defence: Miscellaneous Systems.} Nbd7 8. O-O-O a6 9. a4 {[%emt 0:17:16] White is much more active. The black rooks are badly placed. White is better.} Ke8 10. h3 {[%emt 0:02:03] [#] Against Ng4} Bb4 $146 ({Predecessor:} 10... b6 11. Nd2 Bb7 12. Nc4 Bb4 13. f3 Bxc3 14. bxc3 Nh5 15. Rg1 f6 16. h4 Nf4 {½-½ (95) Tekeyev,Z (2380)-Novikov,M (2501) Sochi 2017}) 11. Nd5 Nxd5 12. exd5 Bd6 13. Nd2 Nf6 ({Better is} 13... f5 $11 14. Nc4 Nf6) 14. Nc4 $14 Bd7 15. b3 Bf5 16. f3 Nd7 17. Be2 f6 18. Nxd6+ cxd6 19. a5 Rc8 20. c4 Kf7 21. Kb2 h5 (21... Bg6 $142) 22. b4 $16 g5 23. Rc1 e4 {[%emt 0:00:58] [#]} 24. c5 (24. f4 $1 $16 ) 24... exf3 $11 {[%emt 0:00:34] The position is equal.} 25. Bxf3 Ne5 26. Rc3 g4 27. Be2 {[%emt 0:01:14] A strong pair of Bishops.} (27. hxg4 {simplifies} hxg4 28. Rxh8 Rxh8 29. Be2) 27... Be4 {[%emt 0:00:16][%csl LRd5,LRg2] Inhibits c6.} 28. hxg4 hxg4 29. Rxh8 Rxh8 30. cxd6 {[%emt 0:00:59] [#] And now Rc7+ would win.} Bxd5 31. g3 Rh2 {[%emt 0:00:50] Weighted Error Value: White=0.11 (very precise) /Black=0.11 (very precise)} 1/2-1/2

[Event "FIDE WSCC 50 2022"]
[Site "Assisi"]
[Date "2022.11.25"]
[Round "10.15"]
[White "Nevednichy, Vladislav"]
[Black "Arkell, Keith C"]
[Result "1-0"]
[ECO "C10"]
[WhiteElo "2499"]
[BlackElo "2408"]
[Annotator "TA"]
[PlyCount "79"]
[EventDate "2022.11.14"]
[EventType "swiss"]
[EventCountry "ITA"]
[SourceTitle "playchess.com"]
[Source "ChessBase"]
[SourceQuality "1"]
[TimeControl "40/5400+30:1800+30"]

1. e4 e6 2. d4 d5 3. Nc3 dxe4 4. Nxe4 Bd7 5. Nf3 Bc6 6. Bd3 Nd7 7. Qe2 Ngf6 8. Nc3 {[%emt 0:01:54] C10: French with 3 Nc3: Unusual Black 3rd moves and 3...dxe4.} Bxf3 9. Qxf3 c6 {[%emt 0:00:07] [#]} 10. g4 $146 {[%emt 0:07:39] White is slightly better.} ({Predecessor:} 10. Be3 Be7 11. O-O-O Nd5 12. Nxd5 cxd5 13. Kb1 Nb6 14. h4 Rc8 15. Qg4 Bf6 16. h5 {1-0 (33) Gierden,H (2047)-Meyer,F (1920) GER email 2015}) 10... Nd5 11. Nxd5 cxd5 12. g5 (12. h4 $14) 12... g6 $1 $11 13. c3 h5 14. Bf4 Bg7 15. h4 O-O 16. O-O-O (16. O-O $11) 16... Qa5 17. Kb1 b5 (17... Rfc8 $142) 18. Qe2 (18. Bd6 $11) 18... a6 19. a3 Qb6 20. Rh3 Ra7 21. Bc1 (21. Re3 $11) 21... Rc8 $15 22. Re3 Rb7 23. f4 $1 Nf8 24. Bc2 a5 25. Bb3 (25. Bd2 $15) 25... b4 $17 26. cxb4 (26. axb4 $2 axb4 27. cxb4 Bxd4 $19) 26... axb4 (26... Bxd4 $6 27. bxa5 Qa7 28. a6 Rxc1+ 29. Rxc1 $11) 27. a4 Bxd4 {[%emt 0:02:37] White must now prevent ...Rxc1+.} 28. Red3 Rbc7 29. f5 $15 {[%emt 0:04:24] [#]} exf5 $2 30. Bf4 $18 Bg7 31. Bxc7 {[%emt 0:00:05] Active counter play!} Qxc7 (31... Rxc7 {was necessary.} 32. Rxd5 (32. Bxd5 Qa7 $16) 32... Qa7) 32. Rxd5 ({Don't take} 32. Bxd5 $6 Kh7 33. Bb3 Qf4) 32... Qg3 33. R5d3 Qxh4 34. Qe7 Kh7 35. Qxf7 {[%emt 0:02:17][%csl Gb3][%cal Rf7g8] Dancing on a razor blade.} Qxg5 36. Ka2 $40 {[%emt 0:01:29][%mdl 128] White goes for the king.} Kh6 37. R3d2 (37. Qb7 $16 Qf6 38. R1d2 (38. Qxc8 $2 Qxb2#)) 37... Rc1 38. Qd5 (38. Rxc1 $142 Qxd2 39. Rc2) 38... Rxd1 (38... Rc7 $16 {is a better defense.}) 39. Rxd1 Qf6 {[%emt 0:02:36][%csl Gg7][%cal Rf6b2] [#]} 40. Qd2+ $2 {[%emt 0:01:15] Weighted Error Value: White=0.23 (precise) /Black=0.28 (precise)} (40. Rd2 $1 $18) 1-0

[Event "FIDE WSCC 50 2022"]
[Site "Assisi"]
[Date "2022.11.26"]
[Round "11.1"]
[White "Sturua, Zurab"]
[Black "Nevednichy, Vladislav"]
[Result "1/2-1/2"]
[ECO "E92"]
[WhiteElo "2522"]
[BlackElo "2499"]
[Annotator "TA"]
[PlyCount "44"]
[EventDate "2022.11.14"]
[EventType "swiss"]
[EventCountry "ITA"]
[SourceTitle "playchess.com"]
[Source "ChessBase"]
[SourceQuality "1"]
[TimeControl "40/5400+30:1800+30"]

1. d4 Nf6 2. c4 g6 3. Nc3 Bg7 4. e4 d6 5. Nf3 O-O 6. Be2 e5 7. dxe5 dxe5 8. Qxd8 Rxd8 9. Bg5 Re8 10. Nd5 Nxd5 11. cxd5 c6 12. Bc4 cxd5 13. Bxd5 Nd7 {[%emt 0:00:09] 13...Nd7 is better than 13...Nc6.} 14. Nd2 {[%emt 0:00:13] [#]} {Predecessor:} Nb6 $146 {E92: King's Indian: Classical: 6 Be2 e5: 7 dxe5, 7 Be3 and Petrosian System without 7...Nbd7.} 15. Bb3 Be6 16. Ke2 Rac8 17. Rhc1 Bxb3 18. axb3 Rxc1 19. Rxc1 Rc8 20. Nc4 Nxc4 21. bxc4 Bf8 22. b3 Bc5 {1-0 (72) Abdusattorov,N (2651)-Swiercz,D (2656) Chess.com INT 2022} 1/2-1/2

[Event "FIDE WSCC 50 2022"]
[Site "Assisi"]
[Date "2022.11.26"]
[Round "11.2"]
[White "Novik, Maxim"]
[Black "Morovic Fernandez, Ivan"]
[Result "1-0"]
[ECO "C90"]
[WhiteElo "2412"]
[BlackElo "2480"]
[Annotator "TA"]
[PlyCount "81"]
[EventDate "2022.11.14"]
[EventType "swiss"]
[EventCountry "ITA"]
[SourceTitle "playchess.com"]
[Source "ChessBase"]
[SourceQuality "1"]
[TimeControl "40/5400+30:1800+30"]

1. e4 e5 2. Nf3 Nc6 3. Bc4 Nf6 4. d3 Be7 5. O-O O-O 6. Re1 d6 7. c3 Na5 8. Bb5 a6 9. Ba4 b5 10. Bc2 c5 11. Nbd2 Nc6 12. Nf1 h6 13. Ng3 Re8 14. h3 Bf8 15. d4 cxd4 16. cxd4 exd4 17. Nxd4 {[%emt 0:00:28] C90: Closed Ruy Lopez with 7...d6: Early deviations.} Nxd4 18. Qxd4 Bb7 19. Bf4 {[%emt 0:01:09] White is slightly better.} d5 20. e5 Ne4 21. Nxe4 dxe4 22. Qe3 Rc8 {[%emt 0:14:09] [#]} 23. Rad1 $146 ({Predecessor:} 23. Bxe4 Bxe4 24. Qxe4 Rc4 25. Qf3 Qd4 26. b3 Rc3 27. Rad1 Rxf3 28. Rxd4 Bc5 29. gxf3 Bxd4 {½-½ (74) Yemelin,V (2577)-Predke,A (2464) Samara 2012}) 23... Qh4 24. Bg3 (24. Bb3 {seems wilder.} Bc5 25. Bg3 Qh5 26. Qf4) 24... Qg5 (24... Bc5 $2 25. Bxh4 Bxe3 26. Bb3 $18) 25. Bxe4 Qxe3 26. Rxe3 Bxe4 27. Rxe4 Rc2 {[%emt 0:00:18] Against Re2} 28. Red4 g5 29. R1d2 Rxd2 30. Rxd2 $14 {[%emt 0:00:01][%mdl 4096] Endgame KRB-KRB} Bg7 31. Re2 f6 32. e6 Bf8 33. Bc7 f5 34. g4 fxg4 35. hxg4 Kg7 36. Bb6 {[%emt 0:11:59] White is more active.} Kg6 37. Kg2 h5 38. gxh5+ Kxh5 39. Kf3 Bd6 40. Re4 {[%emt 0:00:38] Inhibits g4+.} g4+ (40... Kg6 $14) 41. Ke3 $1 {[%emt 0:55:01] Weighted Error Value: White=0.02 (flawless) /Black=0.07 (flawless)} (41. Rxg4 $2 {perishes.} Rf8+ 42. Ke4 Kxg4 $19) 1-0

[Event "FIDE WSCC 50 2022"]
[Site "Assisi"]
[Date "2022.11.26"]
[Round "11.3"]
[White "Bischoff, Klaus"]
[Black "Bellia, Fabrizio"]
[Result "1/2-1/2"]
[WhiteElo "2479"]
[BlackElo "2398"]
[Annotator "TA"]
[PlyCount "33"]
[EventDate "2022.11.14"]
[EventType "swiss"]
[EventCountry "ITA"]
[SourceTitle "playchess.com"]
[Source "ChessBase"]
[SourceQuality "1"]
[TimeControl "40/5400+30:1800+30"]

1. c4 Nf6 2. Nc3 e6 3. Nf3 b6 4. g3 Bb7 5. Bg2 Be7 6. O-O O-O 7. b3 d5 {[%emt 0:02:13] 7...d5 scores better than 7...c5.} 8. e3 {[%emt 0:03:50] [#] Not much happened in this game.  A14: English Opening: 1...e6 with b3 by White.} {Predecessor:} c5 $146 9. Bb2 Qc8 10. Rc1 dxc4 11. bxc4 Rd8 12. Qe2 Nc6 13. Rfd1 Nb4 14. d3 a6 15. d4 Qc7 16. a3 cxd4 17. exd4 {1-0 (32) Tomashevsky,E (2706)-Kozak,A (2518) Chess.com INT 2021} 1/2-1/2

[Event "FIDE WSCC 50 2022"]
[Site "Assisi"]
[Date "2022.11.26"]
[Round "11.4"]
[White "Paschall, William"]
[Black "Danielsen, Henrik"]
[Result "1/2-1/2"]
[ECO "A21"]
[WhiteElo "2343"]
[BlackElo "2514"]
[Annotator "TA"]
[PlyCount "80"]
[EventDate "2022.11.14"]
[EventType "swiss"]
[EventCountry "ITA"]
[SourceTitle "playchess.com"]
[Source "ChessBase"]
[SourceQuality "1"]
[TimeControl "40/5400+30:1800+30"]

1. d4 d6 2. c4 e5 3. Nc3 exd4 4. Qxd4 Be6 5. b3 Nf6 6. e4 Nc6 7. Qd2 a5 8. Bd3 a4 {[%emt 0:03:41] A21: English Opening: 1...e5 2 Nc3.} 9. Rb1 axb3 10. axb3 g6 {[%emt 0:01:13] White is slightly better.} 11. Nge2 Bg7 12. O-O O-O 13. Bb2 Re8 14. Nd5 (14. Nd1 {seems wilder.} Qb8 15. f3 Qa7+ 16. Kh1) 14... Bxd5 15. cxd5 Ne5 {[%emt 0:00:30] [#]} 16. Nc3 $146 ({Predecessor:} 16. Bc2 c6 17. dxc6 bxc6 18. Ra1 Rb8 19. Bc3 d5 20. f4 Neg4 21. e5 Qb6+ 22. Bd4 {½-½ (30) Polugaevsky,L-Tseshkovsky,V Leningrad 1974}) 16... c6 17. dxc6 bxc6 18. Be2 Rb8 19. Qc2 Qb6 20. Bc1 d5 21. exd5 cxd5 {[%emt 0:01:34] aiming for ...Qc7.} 22. Na4 Qb4 23. Bd2 Qh4 24. Be1 Qf4 25. Bd2 Qh4 26. Be1 {[%emt 0:00:07] [#] Strongly threatening f4. This pair of bishops is nice.} Rbc8 {[%emt 0:00:08] Against f4} (26... Nc6 $5 27. f3 Qg5 $17) 27. Qd1 {[%emt 0:00:45] Hoping for f4.} Qe4 (27... Qf4 $5 ) 28. Nc3 Qf5 29. Nb5 {[%emt 0:01:07] Nd6 is the strong threat.} Neg4 {[%emt 0:06:30][%cal Oe8e2] [#] And now ...Rxe2! would win.} 30. Nd4 Qe4 31. Bf3 (31. h3 {is interesting.} Nh5 32. Bf3 Qxd4 33. Bxg4 Ng3 34. Bxc8 Rxc8 35. Qxd4 Bxd4 36. Rd1) 31... Qf4 32. g3 Qg5 33. h3 Ne5 34. Bg2 {[%emt 0:00:31] Black must now prevent f4.} Nc6 35. Nxc6 (35. Bd2 $5 Qe5 36. Nxc6 Rxc6 37. b4 $14) 35... Rxc6 36. Bd2 (36. b4 $5 ) 36... Qf5 37. Be3 Ne4 38. Qf3 Qc8 39. Rbd1 Nc3 40. Rd3 Qa6 {[%emt 0:00:23] Weighted Error Value: White=0.11 (very precise) /Black=0.11 (very precise)} (40... Rf6 $5 41. Qg4 Rf5 $15) 1/2-1/2

[Event "FIDE WSCC 50 2022"]
[Site "Assisi"]
[Date "2022.11.26"]
[Round "11.7"]
[White "Lima, Darcy"]
[Black "Tereladze, Sopio"]
[Result "1/2-1/2"]
[ECO "D35"]
[WhiteElo "2415"]
[BlackElo "2154"]
[Annotator "TA"]
[PlyCount "77"]
[EventDate "2022.11.14"]
[EventType "swiss"]
[EventCountry "ITA"]
[SourceTitle "playchess.com"]
[Source "ChessBase"]
[SourceQuality "1"]
[TimeControl "40/5400+30:1800+30"]

1. c4 e6 2. Nc3 d5 3. d4 Nf6 4. cxd5 exd5 5. Bg5 c6 6. e3 Bf5 7. Qf3 Bg6 8. Bxf6 Qxf6 9. Qxf6 gxf6 10. Nf3 $1 {[%emt 0:02:05] 10.Nf3 scores better than 10.h4.} Bd6 {[%emt 0:02:18] D35: Queen's Gambit Declined: Exchange Variation.} 11. Nh4 {[%emt 0:01:41] [#]} f5 $146 ({Predecessor:} 11... Ke7 12. g3 Nd7 13. Bh3 Nb6 14. Nf5+ Bxf5 15. Bxf5 Nc4 16. O-O-O Bb4 17. Ne2 Nd6 18. Bd3 {½-½ (27) Zhao,Z (2558)-Ganguly,S (2603) Canberra 2015}) 12. g3 {[%emt 0:13:17] Prevents f4.} Be7 {[%emt 0:04:20] White is slightly better.} 13. f4 ({Better is} 13. Ne2 $14) 13... Bxh4 14. gxh4 Nd7 15. Ne2 Nf6 16. Ng3 Nh5 (16... Rg8 $11) 17. Be2 Nxg3 18. hxg3 {[%emt 0:00:00] [#] Threatens to win with h5.} h5 19. b4 a6 20. a4 Kd7 21. Kf2 b5 (21... f6 $14) 22. Ra3 Kc7 23. Rc1 {[%emt 0:00:00] [#] Black must now prevent Rac3.} Kb7 24. Rac3 {[%emt 0:00:00] Hoping for axb5.} Rhc8 25. Bf1 Rab8 26. Bd3 f6 27. Ra1 {[%emt 0:00:00] White is more active.} Ra8 28. Rca3 Rg8 29. Bc2 Rh8 30. Rc3 Rac8 31. Rca3 {[%emt 0:00:00] Strongly threatening axb5.} Ra8 $1 32. axb5 ({White should try} 32. Rc1) 32... axb5 $16 33. Rxa8 Rxa8 34. Rxa8 Kxa8 {[%emt 0:00:05] KB-KB} 35. g4 (35. Bd3 $16) 35... hxg4 $11 {[%emt 0:00:01] The position is equal.} 36. h5 Bh7 37. Kg3 Kb7 38. e4 dxe4 39. Bb3 {Weighted Error Value: White=0.13 (very precise) /Black=0.08 (flawless)} 1/2-1/2

[Event "FIDE WSCC 50 2022"]
[Site "Assisi"]
[Date "2022.11.26"]
[Round "11.8"]
[White "Pavlovic, Milos"]
[Black "Plotkin, Victor"]
[Result "1-0"]
[ECO "C54"]
[WhiteElo "2447"]
[BlackElo "2290"]
[Annotator "TA"]
[PlyCount "49"]
[EventDate "2022.11.14"]
[EventType "swiss"]
[EventCountry "ITA"]
[SourceTitle "playchess.com"]
[Source "ChessBase"]
[SourceQuality "1"]
[TimeControl "40/5400+30:1800+30"]

1. e4 e5 2. Bc4 Nf6 3. d3 Bc5 4. Nf3 Nc6 5. O-O h6 6. c3 d6 7. Re1 O-O 8. h3 Bb6 {[%emt 0:03:26] 8...Bb6 is a critical line. C54: Giuoco Piano: 4 c3 Nf6, main lines with 5 d4 and 5 d3.} 9. Bb3 Ne7 10. Nbd2 Ng6 {[%emt 0:00:59] The position is equal.} 11. Nf1 Nh5 12. d4 {[%emt 0:09:12][%cal Of3e5] [#]} Nhf4 $146 ({Predecessor:} 12... Qf6 13. Be3 Nhf4 14. Kh2 c5 15. Ng3 Be6 16. d5 Bd7 17. Bc2 c4 18. a4 Rac8 {1-0 (58) Laddha,S (2262)-Dushyant,S (2406) Dubai 2022}) 13. Ne3 ({Better is} 13. Bxf4 $14 Nxf4 14. dxe5) 13... Re8 14. Nd5 (14. Nf5 {feels hotter.} exd4 15. N3xd4 Qf6 16. Qf3) 14... Nxd5 15. Bxd5 Qf6 16. a4 c6 {[%emt 0:00:50] Against a5} 17. Bc4 Nf4 18. a5 Bc7 19. Bf1 Qg6 20. Bxf4 exf4 21. Qd2 Bxh3 (21... Rxe4 $2 22. Rxe4 Qxe4 23. Re1 $18) 22. Qxf4 Re7 $2 {[%emt 0:04:54][%mdl 8192] [#]} (22... Bd7 $11 {and Black has nothing to worry.}) 23. Qh4 $1 $18 Bg4 $2 (23... Bxg2 24. Bxg2 Rae8) 24. Qxe7 Bd8 25. Qxb7 {[%emt 0:00:10] Weighted Error Value: White=0.12 (very precise) /Black=0.39} 1-0